 Dungeon Crawl Stone Soup version 0.31-a0-263-ge8cad7f256 (webtiles) character file.

Game seed: 12247050734680041148

62 qw the Shooter (level 4, 0/26 HPs)
             Began as a Gargoyle Hexslinger on July 13, 2023.
             Slain by a goblin
             ... wielding a +0 club
             ... led by Robin
              (5 damage)
             ... on level 2 of the Dungeon.
             The game lasted 00:00:25 (821 turns).

qw the Shooter (Gargoyle Hexslinger)                 Turns: 821, Time: 00:00:26

Health: 0/26       AC:  5    Str: 11    XL:     4   Next: 8%
Magic:  5/5        EV: 12    Int: 14    God:
Gold:   23         SH:  0    Dex: 14    Spells: 4/5 levels left

rFire   . . .        Y - +1 sling
rCold   . . .        (no shield)
rNeg    + . .        c - +0 robe
rPois   inf          (no helmet)
rElec   +            (no cloak)
rCorr   .            (no gloves)
SInv    .            (no boots)
Will    .....        (no amulet)
Stlth   +            (no ring)
HPRegen 0.24/turn    (no ring)
MPRegen 0.09/turn

%: no passive effects
@: no status effects
A: sickness immunity, AC +3, negative energy resistance 1, electricity
resistance, torment resistance 1, petrification resistance
a: no special abilities


You were on level 2 of the Dungeon.
You visited 1 branch of the dungeon, and saw 2 of its levels.

You collected 23 gold pieces.


Innate Abilities, Weirdness & Mutations

You are immune to sickness and miasma.
Your stone body is resilient. (AC +3)
You are immune to poison.
You resist negative energy. (rN+)
You are resistant to electric shocks. (rElec)
You are resistant to unholy torment.
You are immune to petrification.


   Skills:
 - Level 2.0 Fighting
 + Level 3.9 Ranged Weapons
 - Level 1.5 Dodging
 - Level 1.0 Spellcasting
 - Level 2.6 Hexes


You had 4 spell levels left.
You knew the following spells:

 Your Spells              Type           Power      Damage    Failure   Level
a - Slow                  Hex            32%        N/A       9%          1

Your spell library contained the following spells:

 Spells                   Type           Power      Damage    Failure   Level
 Inner Flame              Hex/Fire       4%         N/A       41%         3
 Portal Projectile        Hex/Tloc       8%         N/A       41%         3
 Cause Fear               Hex            4%         N/A       65%         4

Inventory:

Hand Weapons
 Y - a +1 sling (weapon)
Armour
 c - a +0 robe (worn)
Potions
 e - a potion of cancellation {unknown}
 f - a potion of heal wounds {unknown}
 g - a potion of haste {unknown}
 h - a potion of might {unknown}
 i - a potion of resistance {unknown}
 j - a potion of enlightenment
 n - a potion of attraction {unknown}

Dungeon Overview and Level Annotations

Branches:
Dungeon (2/15)

Altars:


Message History

The goblin misses you. The hobgoblin barely misses you.
The goblin hits you with a +0 club. The goblin barely misses you.
You shoot a sling bullet. The sling bullet hits Robin!
Robin is severely wounded.
Robin misses you. The goblin barely misses you.
The hobgoblin closely misses you. The goblin closely misses you.
The goblin hits you but does no damage.
Robin hits you with a +5 dagger of electrocution.
The hobgoblin hits you. The goblin barely misses you. x2
The goblin hits you with a +0 club.
You shoot a sling bullet. The sling bullet hits Robin.
Robin is almost dead.
The goblin barely misses you.
A goblin comes into view. It is wielding a +0 dagger.
Robin roars a battlecry!
The goblin goes into a battle-frenzy!
The hobgoblin misses you. The goblin barely misses you.
The goblin hits you with a +0 dagger.
The goblin shouts!
You shoot a sling bullet. The sling bullet hits Robin.
You kill Robin!
The goblin no longer looks unusually strong.
The goblin hits you with a +0 club. The goblin hits you with a +0 dagger.
The goblin barely misses you.
You have reached level 4!
You feel clever.
You shoot a sling bullet. The sling bullet hits the hobgoblin.
You kill the hobgoblin!
The goblin closely misses you. x3
You shoot a sling bullet.
The sling bullet barely misses the goblin.
The goblin completely misses you.
The goblin hits you but does no damage. x2
The goblin closely misses you. The goblin hits you with a +0 club.
You shoot a sling bullet. The sling bullet hits the goblin!
You kill the goblin!
The goblin no longer looks unusually strong.
The goblin hits you but does no damage. The goblin closely misses you.
The goblin barely misses you. The goblin hits you but does no damage.
The goblin misses you. The goblin closely misses you.
The goblin hits you with a +0 club.
You die...

.... .... .....
....# ....?
....# ....g.
.... ......####
#..# ..:...gg.#
#..#
......g@.###..##
......gg.......#
........)......#
#########....<.#
########


You could see 6 goblins.

Vanquished Creatures
  Robin (D:2)
  A gnoll (D:1)
  A dart slug (D:1)
  A bat (D:1)
  An endoplasm (D:1)
  5 goblins
  10 hobgoblins
  4 jackals (D:1)
  5 kobolds
  4 ball pythons
  3 frilled lizards (D:1)
  4 rats (D:1)
40 creatures vanquished.

Notes
Turn   | Place    | Note
-------+----------+-------------------------------------------
     0 | D:1      | qw the Gargoyle Hexslinger began the quest for the Orb.
     0 | D:1      | Reached XP level 1. HP: 12/12 MP: 2/2
     0 | D:1      | 0 ||| qw: Version: 0.3-a-52-g30416fa
     0 | D:1      | 0 ||| qw: Game counter: 7066
     0 | D:1      | 0 ||| qw: Melee chars always use a shield: true
     0 | D:1      | 0 ||| qw: God list: Okawaru
     0 | D:1      | 0 ||| qw: Allow faded altars: false
     0 | D:1      | 0 ||| qw: Do Orc after clearing Dungeon:15 true
     0 | D:1      | 0 ||| qw: Do second Lair branch before Depths: true
     0 | D:1      | 0 ||| qw: Lair rune preference: random
     0 | D:1      | 0 ||| qw: Goals: Normal
     0 | D:1      | 0 ||| PLANNING D:1-11
    85 | D:1      | Reached XP level 2. HP: 16/16 MP: 3/3
    96 | D:1      | Found a faded altar of an unknown god.
   127 | D:1      | Reached skill level 3 in Ranged Weapons
   178 | D:1      | Reached XP level 3. HP: 20/21 MP: 4/4
   754 | D:1      | 754 ||| DROPPING ring of flight.
   755 | D:1      | 755 ||| READING scroll labelled FAEZE TIULAOGGU.
   756 | D:1      | 756 ||| READING scroll labelled OFIOKL XORO.
   757 | D:1      | 757 ||| READING scroll labelled REOMIY JOUN.
   760 | D:1      | 760 ||| READING scroll labelled OCITIF MARCHIDOLUU.
   761 | D:1      | 761 ||| DRINKING 2 grey potions.
   762 | D:1      | 762 ||| DROPPING scroll of poison.
   806 | D:2      | Noticed Robin
   818 | D:2      | Killed Robin
   818 | D:2      | HP: 5/21 [goblin/+0 dagger[Robin] (1)]
   819 | D:2      | Reached XP level 4. HP: 6/26 MP: 5/5
   821 | D:2      | Slain by a goblin

Levels and vault maps discovered:
D:1:      minmay_arrival_three_doors, layout_basic,
          hellmonk_ecumenical_altar_zigzags
D:2:      layout_rooms, minmay_misc_feat_encased, uniq_robin, uniq_sigmund,
          uniq_crazy_yiuf_cottage

Skill      XL: |  1  2 |
---------------+-------+-----
Ranged Weapons | 3 |  3.9
Fighting       | 2 |  2.0
Dodging        | |  1.5
Spellcasting   | |  1.0
Hexes          | |  2.6

Action                     |  1- 3 |  4- 6 || total
---------------------------+-------+-------++-------
   Fire: Sling             |   114 |     3 ||   117
    Use: Scroll            |     4 |       ||     4
         Potion            |     1 |       ||     1
 Armour: Robe              |    19 |     4 ||    23
  Dodge: Dodged            |    48 |     9 ||    57

Table legend:
 A = Non-vault XP
 B = Vault XP
 C = Vault XP percentage of total XP
 D = Non-vault monster count
 E = Vault monster count
 F = Vault count percentage of total count
                 A         B        C        D         E       F
            +---------+---------+-------+---------+---------+-------
      Total |      67 |      24 |  26.4 |      34 |       6 |  15.0
            +---------+---------+-------+---------+---------+-------
        D:1 |      65 |       0 |   0.0 |      32 |       0 |   0.0
        D:2 |       2 |      24 |  92.3 |       2 |       6 |  75.0
            +---------+---------+-------+---------+---------+-------
